 Dungeon Crawl Stone Soup version 0.25-a0-651-g8c222c7a2b (webtiles) character file.

Game seed: 9629403126626825934, levelgen mode: deterministic

1604 Eurus the Conjurer (level 8, -6/61 HPs)
             Began as a Mummy Conjurer on Mar 22, 2020.
             Mangled by an orc warrior
             ... wielding a +0 long sword
              (22 damage)
             ... on level 5 of the Dungeon.
             The game lasted 00:17:16 (7473 turns).

Eurus the Conjurer (Mummy Conjurer)                 Turns: 7473, Time: 00:17:17

Health: -6/61      AC:  5    Str: 11    XL:     8   Next: 63%
Magic:  10/18      EV: 12    Int: 16    God:
Gold:   310        SH:  0    Dex: 13    Spells: 13/20 levels left

rFire    x . .     SeeInvis .   d - +1 dagger
rCold    + . .     Gourm    .   (no shield)
rNeg     + + +     Faith    .   a - +0 robe
rPois    ∞         Spirit   .   (no helmet)
rElec    .         Reflect  .   q - +1 cloak
rCorr    .         Harm     .   (no gloves)
MR       +....                  b - +0 pair of boots
Stlth    ++........             (no amulet)
HPRegen  0.20/turn              (no ring)
MPRegen  0.16/turn              (no ring)

@: no status effects
A: no food or potions, fire vulnerability, cold resistance 1, negative energy
resistance 3, torment resistance, unbreathing
a: no special abilities


You were on level 5 of the Dungeon.
You were not hungry.

You visited 1 branch of the dungeon, and saw 6 of its levels.

You collected 310 gold pieces.

Inventory:

Hand Weapons
 d - a +1 dagger (weapon)
Armour
 a - a +0 robe (worn)
 b - a +0 pair of boots (worn)
 p - a +0 leather armour
 q - a +1 cloak (worn)
Magical Staves
 j - an uncursed staff of death
Jewellery
 k - an uncursed amulet of guardian spirit
Wands
 h - a wand of enslavement (11)
 n - a wand of iceblast (11)
Scrolls
 c - a scroll of teleportation
 e - 5 scrolls of identify
 f - a scroll of enchant weapon
 i - 2 scrolls of remove curse
 m - 2 scrolls of magic mapping


   Skills:
 + Level 4.3 Fighting
 + Level 1.0 Armour
 - Level 1.5 Dodging
 - Level 1.5 Stealth
 + Level 6.8 Spellcasting
 * Level 7.0 Conjurations
 + Level 2.7 Translocations


You had 13 spell levels left.
You knew the following spells:

 Your Spells              Type           Power        Failure   Level  Hunger
a - Magic Dart            Conj           ####         1%          1    N/A
b - Searing Ray           Conj           ####..       1%          2    N/A
c - Iskenderun's Mystic   Conj/Tloc      ###.....     17%         4    N/A

Your spell library contained the following spells:

 Spells                   Type           Power        Failure   Level  Hunger
 Dazzling Flash           Conj/Hex       ###...       9%          3    N/A
 Fulminant Prism          Conj/Hex       ###.......   30%         4    N/A

Dungeon Overview and Level Annotations

Branches:
Dungeon (6/15)
 Temple: D:4-7

Altars:
Dithmenos
Elyvilon
Makhleb
Okawaru
Qazlal
Xom
Yredelemnul
The Shining One


Innate Abilities, Weirdness & Mutations

You do not eat or drink.
Your flesh is vulnerable to fire.
You are immune to poison.
Your flesh is cold resistant. (rC+)
You are immune to negative energy. (rN+++)
You are immune to unholy pain and torment.
You can survive without breathing.


Message History

The orc warrior hits you with a +0 long sword.
* * * LOW HITPOINT WARNING * * *
You climb upwards.
There is a stone staircase leading down here.
Things that are here:
a +0 chain mail; a +0 dagger You see here an arrow.
You see here an arrow.
Your magical contamination has completely faded away.
You see here an arrow.
Casting: Magic Dart (safe; 1% risk of failure)
Confirm with . or Enter, or press ? or * to list all spells.
Aiming: Searing Ray (safe; 1% risk of failure)
Press: ? - help, Shift-Dir - straight line, f - orc warrior
Aim: an orc warrior, wielding a +0 long sword and wearing a +0 plate armour (almost dead)
The searing ray hits the orc warrior but does no damage.
The orc warrior is almost dead. (Press . to maintain the ray.)
The orc warrior hits you with a +0 long sword!!
You die...

.†)...# ##...........# #......
#####.# #..<.........# #......
####.# #...[........# #......
##..#.# #....(.......# #......
......# ##...>.......# #......
......## ##..........####......
.......# #####.....###........
.......##########................
..._............@o...............
............>......#####.........
............##.....###....#######
.%..####....##..........### #
....# ###........^......# ....#
###.............# ...##
##.............## #..#
#...............# ####
#...............# #


You could see an orc warrior.

Vanquished Creatures
  Edmund (D:5)
  A sky beast (D:5)
  An ice beast (D:5)
  2 phantoms
  An ogre (D:4)
  A centaur (D:5)
  4 scorpions
  A howler monkey (D:5)
  2 crimson imps (D:5)
  2 jellies (D:5)
  Crazy Yiuf (D:5)
  A hound (D:4)
  2 orc priests
  5 orc wizards
  An iguana (D:5)
  2 worker ants (D:4)
  2 hound zombies (D:5)
  Robin (D:2)
  3 adders
  7 gnolls
  2 oozes (D:1)
  An adder skeleton (D:2)
  3 worms
  A dart slug (D:2)
  3 leopard geckos (D:5)
  14 orcs
  2 ball pythons
  4 giant cockroaches
  14 goblins
  9 hobgoblins
  7 jackals
  2 quokkas
  2 bats
  3 frilled lizards
  2 jackal skeletons (D:4)
  7 kobolds
  A leopard gecko zombie (D:5)
  4 rats
122 creatures vanquished.

Notes
Turn   | Place    | Note
-------+----------+-------------------------------------------
     0 | D:1      | Eurus the Mummy Conjurer began the quest for the Orb.
     0 | D:1      | Reached XP level 1. HP: 13/13 MP: 4/4
   388 | D:1      | You fall into a shaft and drop 1 floor!
   407 | D:2      | Reached XP level 2. HP: 16/19 MP: 0/6
   453 | D:2      | Learned a level 2 spell: Searing Ray
   516 | D:2      | Noticed Robin
   521 | D:2      | Killed Robin
   646 | D:2      | Found an iron altar of Okawaru.
   657 | D:2      | Reached XP level 3. HP: 19/24 MP: 1/7
   956 | D:2      | Reached skill level 4 in Conjurations
  1790 | D:2      | Reached XP level 4. HP: 30/30 MP: 6/9
  2040 | D:2      | Found a shimmering altar of Xom.
  2667 | D:3      | Found a glowing golden altar of the Shining One.
  2748 | D:3      | Reached skill level 1 in Fighting
  2833 | D:3      | Reached XP level 5. HP: 15/37 MP: 8/11
  3647 | D:4      | Reached skill level 5 in Conjurations
  3694 | D:4      | Found a stormy altar of Qazlal.
  3816 | D:4      | Noticed an ogre
  3841 | D:4      | Reached XP level 6. HP: 41/44 MP: 4/13
  3847 | D:4      | Learned a level 4 spell: Iskenderun's Mystic Blast
  4007 | D:4      | Found a burning altar of Makhleb.
  4007 | D:4      | Found a white marble altar of Elyvilon.
  4008 | D:4      | Found a basalt altar of Yredelemnul.
  4338 | D:4      | Found a shadowy altar of Dithmenos.
  4358 | D:4      | Reached skill level 5 in Spellcasting
  4769 | D:4      | Reached XP level 7. HP: 17/51 MP: 0/14
  5150 | D:5      | Entered Level 5 of the Dungeon
  5156 | D:5      | Reached skill level 1 in Translocations
  5191 | D:5      | Reached skill level 6 in Conjurations
  5410 | D:5      | Found a shimmering altar of Xom.
  5460 | D:5      | Noticed Edmund
  5482 | D:5      | Killed Edmund
  5560 | D:5      | Reached XP level 8. HP: 60/60 MP: 10/17
  6189 | D:5      | Found a runed translucent door.
  6190 | D:5      | Noticed Crazy Yiuf
  6196 | D:5      | Killed Crazy Yiuf
  7114 | D:5      | Reached skill level 7 in Conjurations
  7119 | D:5      | Reached skill level 1 in Armour
  7396 | D:6      | HP: 3/61 [orc warrior/+0 long sword (13)]
  7401 | D:6      | HP: 2/61 [orc warrior/+0 long sword (2)]
  7473 | D:5      | Mangled by an orc warrior

Levels and vault maps discovered:
D:1:      matt_arrival_spirals, layout_basic
D:2:      layout_rooms, lemuel_doored_altar, okawaru_gym_becter,
          minmay_tetromino_o2, uniq_robin
D:3:      layout_rooms, chequers_serial_rivers_large_b,
          nicolae_tso_swordbearing_angel
D:4:      minmay_skewed_foursquare, layout_cave_pools,
          chequers_temple_overflow_statue_of_worship, grunt_qazlal_sundering,
          serial_column_ruins, column_ruins_corridor_T, column_ruins_open_large,
          column_ruins_grid_3, dk_noncrumbling_4, minmay_statues_item,
          nicolae_dithmenos_shadow_blocks
D:5:      layout_cave_pods, first_ration, basic_altar, minmay_lizard_king,
          uniq_crazy_yiuf_cottage, uniq_edmund
D:6:      layout_rooms, nicolae_overflow_hidden_temple,
          cheibrodos_sewer_entry_sluice

Skill      XL: |  1  2  3  4  5  6  7  8 |
---------------+-------------------------+-----
Spellcasting   | 3 4 5 6 |  6.8
Conjurations   | 4 5 6 7 |  7.0
Fighting       | 1 2 3 4 |  4.3
Translocations | 1 2 |  2.7
Armour         | 1 |  1.0
Dodging        | |  1.5
Stealth        | |  1.5

Action                   |  1- 3 |  4- 6 |  7- 9 || total
-------------------------+-------+-------+-------++-------
Melee: Dagger            |    65 |    36 |     5 ||   106
 Cast: Magic Dart        |    59 |    37 |    12 ||   108
       Searing Ray       |     4 |    38 |    38 ||    80
  Use: Scroll            |       |       |     9 ||     9
Armor: Robe              |    13 |    11 |     7 ||    31
Dodge: Dodged            |    61 |    63 |    29 ||   153

Table legend:
 A = Non-vault XP
 B = Vault XP
 C = Vault XP percentage of total XP
 D = Non-vault monster count
 E = Vault monster count
 F = Vault count percentage of total count
                 A         B        C        D         E       F
            +---------+---------+-------+---------+---------+-------
      Total |    1672 |     620 |  27.1 |      96 |      26 |  21.3
            +---------+---------+-------+---------+---------+-------
        D:1 |      24 |       0 |   0.0 |       9 |       0 |   0.0
        D:2 |      58 |      38 |  39.6 |      18 |      14 |  43.8
        D:3 |     106 |       0 |   0.0 |      23 |       0 |   0.0
        D:4 |     324 |     322 |  49.8 |      19 |       4 |  17.4
        D:5 |    1117 |     260 |  18.9 |      25 |       8 |  24.2
        D:6 |      43 |       0 |   0.0 |       2 |       0 |   0.0
            +---------+---------+-------+---------+---------+-------
